 Dungeon Crawl Stone Soup version 0.28.0-49-g6dfe1f597d (webtiles) character file.

Game seed: 14497414655245356497

594 pkoi the Insei (level 6, -1/53 HPs)
             Began as a Demigod Gladiator on May 16, 2022.
             Splashed by a jelly's acid (2 damage)
             ... on level 5 of the Dungeon.
             The game lasted 00:05:01 (7342 turns).

pkoi the Insei (Demigod Gladiator)                  Turns: 7342, Time: 00:05:02

Health: -1/53      AC: -8    Str: 19    XL:     6   Next: 94%
Magic:  8/8        EV: 11    Int: 10    God:
Gold:   219        SH:  0    Dex: 19    Spells: 5/5 levels left

rFire   . . .      SeeInvis .     - Unarmed
rCold   . . .      Faith    .   (no shield)
rNeg    . . .      Spirit   .   h - +0 scale mail
rPois   .          Reflect  .   b - +1 helmet
rElec   .          Harm     .   (no cloak)
rCorr   .          Rampage  .   (no gloves)
Will    .....                   (no boots)
Stlth   ..........              (no amulet)
HPRegen 0.17/turn               (no ring)
MPRegen 0.11/turn               (no ring)

@: corroded
A: high MP 1, forlorn, divine attributes
a: no special abilities


You were on level 5 of the Dungeon.
You visited 1 branch of the dungeon, and saw 5 of its levels.
You also visited: Sewer.

You collected 219 gold pieces.

Inventory:

Hand Weapons
 f - a +0 short sword
 g - a +0 hunting sling
Missiles
 c - 3 throwing nets (quivered)
 j - 27 sling bullets
 o - 11 poisoned darts
Armour
 a - a +0 leather armour
 b - a +1 helmet (worn)
 h - a +0 scale mail (worn)
Magical Staves
 n - a staff of death
Wands
 m - a wand of paralysis (5)
Scrolls
 d - a scroll of identify
 i - a scroll of amnesia
 k - a scroll of teleportation
 l - a scroll of fog
Potions
 e - a potion of berserk rage
 p - a potion of experience {unknown}
 q - a potion of invisibility {unknown}
 r - 2 potions of might {unknown}
 s - 3 potions of heal wounds
 t - a potion of resistance {unknown}
 u - a potion of cancellation {unknown}


   Skills:
 + Level 4.3 Fighting
 - Level 1.7 Throwing
 - Level 2.6 Dodging
 * Level 6.4 Unarmed Combat


You had 5 spell levels left.
You didn't know any spells.
Your spell library was empty.

Dungeon Overview and Level Annotations

Branches:
Dungeon (5/15)              Sewer (visited)
 Temple: D:4-7


Innate Abilities, Weirdness & Mutations

You have an increased reservoir of magic. (+10% MP)
You shall have no god before yourself.
Your divine heritage dramatically boosts your attributes as you level up.


Message History

The jelly hits you.
* * * LOW HITPOINT WARNING * * *
You are splashed with acid.
* * * LOW HITPOINT WARNING * * *
You hit the jelly. The acid corrodes you!
Your hands burn!
* * * LOW HITPOINT WARNING * * *
The jelly is heavily wounded.
The jelly barely misses you.
Unknown command.
You hit the jelly.
Your hands burn!
* * * LOW HITPOINT WARNING * * *
The jelly is heavily wounded.
The jelly misses you.
Unknown command.
You hit the jelly.
Your hands burn!
* * * LOW HITPOINT WARNING * * *
The jelly is severely wounded.
The jelly closely misses you.
You hit the jelly but do no damage. The acid corrodes you!
Your hands burn!
* * * LOW HITPOINT WARNING * * *
You punch the jelly.
The jelly is almost dead.
The jelly closely misses you.
You barely miss the jelly.
The jelly is almost dead.
Unknown command.
You hit the jelly but do no damage.
Your hands burn!
* * * LOW HITPOINT WARNING * * *
The jelly is almost dead.
The jelly barely misses you.
Unknown command.
You hit the jelly but do no damage.
Your hands burn!
* * * LOW HITPOINT WARNING * * *
The jelly is severely wounded.
The jelly hits you.
* * * LOW HITPOINT WARNING * * *
You are splashed with acid.
* * * LOW HITPOINT WARNING * * *
You hit the jelly but do no damage.
Your hands burn!
You die...

##############..)....#####.######
####..#.#####....... ♣♣♣♣♣♣
####.......###### ♣♣....♣♣♣
#######.# # ♣♣♣♣..♣♣♣..♣♣♣ #.# #
......♣ ♣♣♣..♣♣♣ #.# # ♣♣...♣♣
♣♣♣..♣♣ #.# # ♣..†♣♣♣♣ ♣♣♣.♣♣ #.#
# ♣♣.....♣♣ ♣♣@♣ #.######
....♣♣♣♣.♣♣ ♣J♣ #.#..... .♣♣♣♣
♣♣.♣ ... #.#.#### ♣♣.♣ ♣♣♣..
#....... ♣♣..♣ ..$ ###.#### ♣.♣♣♣
♣[.. ###.# ♣♣♣.♣♣ ♣♣♣♣ #...#
♣♣....♣ #.### ♣..♣♣...♣ #.#


You could see a jelly.

Vanquished Creatures
  2 scorpions
  A hound (D:4)
  3 bullfrog skeletons
  4 jellies
  2 iguanas (D:4)
  A hound zombie (D:5)
  A gnoll (D:1)
  4 adders
  3 river rats
  3 worms (D:2)
  3 dart slugs
  6 orcs
  12 ball pythons
  A bat (D:2)
  11 endoplasms
  6 giant cockroaches
  7 hobgoblins
  3 quokkas
  9 frilled lizards
  6 goblins
  3 kobolds
  9 rats
100 creatures vanquished.

Vanquished Creatures (others)
  A withered plant (D:2)
1 creature vanquished.

Grand Total: 101 creatures vanquished

Notes
Turn   | Place    | Note
-------+----------+-------------------------------------------
     0 | D:1      | pkoi the Demigod Gladiator began the quest for the Orb.
     0 | D:1      | Reached XP level 1. HP: 17/17 MP: 3/3
   252 | D:1      | Reached skill level 3 in Unarmed Combat
   422 | D:1      | Reached XP level 2. HP: 24/24 MP: 4/4
  1526 | D:2      | Reached XP level 3. HP: 30/30 MP: 5/5
  3176 | D:3      | Reached skill level 4 in Unarmed Combat
  3920 | D:4      | Reached XP level 4. HP: 26/37 MP: 6/6
  4587 | D:4      | Reached XP level 5. HP: 4/45 MP: 7/7
  5102 | D:4      | Reached skill level 5 in Unarmed Combat
  5989 | D:5      | Entered Level 5 of the Dungeon
  6023 | D:5      | Reached XP level 6. HP: 51/52 MP: 8/8
  6453 | D:5      | Found a glowing drain.
  6458 | Sewer    | Entered a sewer
  6656 | Sewer    | Reached skill level 6 in Unarmed Combat
  7341 | D:5      | HP: 1/53 [acid (6)]
  7342 | D:5      | Splashed by a jelly's acid

Illustrated notes

Levels and vault maps discovered:
D:1:      dpeg_arrival_oval, layout_loops_ring
D:2:      layout_loops_cross, ebering_ecumenical_altar_petrified,
          minmay_misc_feat_plants, minmay_crystal_water,
          kennysheep_generic_room_10
D:3:      layout_basic, kennysheep_slug_shrine, minmay_misc_feat_rows
D:4:      layout_rooms
D:5:      kb_forest_paths, layout_basic, makhleb_heckhound_becter,
          nicolae_overflow_hidden_temple, gup_sewer_entry_bowl

Skill      XL: |  1  2  3  4  5  6 |
---------------+-------------------+-----
Fighting       | 2 3 4 |  4.3
Unarmed Combat | 3 4 5 6 |  6.4
Throwing       | |  1.7
Dodging        | |  2.6

Action                   |  1- 3 |  4- 6 || total
-------------------------+-------+-------++-------
Melee: Unarmed           |   156 |   248 ||   404
       Punch             |     5 |    12 ||    17
  Use: Scroll            |     8 |     2 ||    10
       Potion            |     3 |     2 ||     5
Armor: Leather armour    |     7 |       ||     7
       Scale mail        |    36 |    89 ||   125
Dodge: Dodged            |    69 |   119 ||   188
